 Dungeon Crawl Stone Soup version 0.27.0-1-g7a089689b8 (webtiles) character file.

Game seed: 2598489623820900333

26340 ZombieSheep the Cleaver (level 12, -1/115 HPs)
             Began as a Minotaur Gladiator on Aug 7, 2021.
             Was an Initiate of Gozag.
             Splashed by an oklob plant's acid (9 damage)
             ... on level 5 of the Lair of Beasts.
             The game lasted 00:35:34 (18026 turns).

ZombieSheep the Cleaver (Minotaur Gladiator)       Turns: 18026, Time: 00:35:35

Health: -1/115     AC: -4    Str: 19    XL:     12   Next: 97%
Magic:  11/11      EV: 12    Int:  5    God:    Gozag
Gold:   2230       SH:  5    Dex: 17    Spells: 11/11 levels left

rFire    . . .     SeeInvis .   a - +1 war axe (spect)
rCold    . . .     Faith    .   (no shield)
rNeg     . . .     Spirit   .   t - +0 chain mail
rPois    +         Reflect  +   c - +1 hat
rElec    .         Harm     .   h - +0 cloak
rCorr    .         Rampage  .   J - +0 pair of gloves
Will     +....                  (no boots)
Stlth    ..........             w - amulet of reflection
HPRegen  0.29/turn              g - ring of willpower
MPRegen  0.12/turn              C - ring of poison resistance

@: corroded
A: horns 2, retaliatory headbutt
a: Renounce Religion, Potion Petition, Call Merchant, Bribe Branch


You were on level 5 of the Lair of Beasts.
You worshipped Gozag.
Gozag was most pleased with you.
You visited 2 branches of the dungeon, and saw 15 of its levels.
You also visited: Sewer.

You collected 2805 gold pieces.
You spent 509 gold pieces at shops.
You paid 66 gold pieces to Gozag.

Inventory:

Hand Weapons
 a - a +1 spectral war axe (weapon)
 b - a +2 vampiric spear
 j - a +2 dagger of venom
 x - a +0 spear of freezing
 D - the +0 morningstar of the Iron City of Dis {vorpal, rC+}
   (You bought it in a shop on level 2 of the Dungeon)

   It inflicts extra damage upon your enemies.
   rC:        It protects you from cold.
 L - a +0 broad axe
Missiles
 f - 3 javelins (quivered)
 H - a silver javelin
 R - 4 boomerangs of dispersal
Armour
 c - a +1 hat (worn)
 h - a +0 cloak (worn)
 t - a +0 chain mail (worn)
 J - a +0 pair of gloves (worn)
Jewellery
 g - a ring of willpower (left hand)
 k - a ring of ice
 p - a ring of wizardry
 w - an amulet of reflection (around neck)
 y - an amulet of the acrobat
 C - a ring of poison resistance (right hand)
 N - a ring of protection from cold
 P - a ring of flight
Wands
 v - a wand of acid (23)
 A - a wand of mindburst (9)
 F - a wand of polymorph (9)
 I - a wand of paralysis (4)
Scrolls
 e - 9 scrolls of teleportation
 i - 3 scrolls of enchant weapon
 r - a scroll of blinking
 u - 2 scrolls of fog
 B - 2 scrolls of fear
 E - 5 scrolls of amnesia
 K - a scroll of magic mapping
 O - a scroll of identify
 Q - a scroll of enchant armour
 S - a scroll of brand weapon
Potions
 d - a potion of ambrosia {unknown}
 l - 4 potions of curing
 m - a potion of berserk rage
 n - 2 potions of mutation
 o - 5 potions of might
 q - 3 potions of lignification
 s - 5 potions of flight
 z - a potion of heal wounds
 G - a potion of resistance
 M - a potion of haste {unknown}


   Skills:
 + Level 13.5 Fighting
 + Level 13.7 Axes
 + Level 9.3 Throwing
 - Level 10.2 Armour
 - Level 10.0 Dodging


You had 11 spell levels left.
You didn't know any spells.
Your spell library contained the following spells:

 Spells                   Type           Power      Damage    Failure   Level
 Sting                    Tmut/Pois      0%         1d3       99%         1
 Blink                    Tloc           N/A        N/A       99%         2
 Poisonous Vapours        Pois/Air       0%         N/A       99%         2
 Static Discharge         Conj/Air       0%         N/A       99%         2
 Gell's Gravitas          Tloc           0%         N/A       100%        3
 Lesser Beckoning         Tloc           0%         N/A       100%        3
 Ozocubu's Armour         Ice            0%         N/A       100%        3
 Summon Guardian Golem    Hex/Summ       0%         N/A       100%        3
 Teleport Other           Tloc           0%         N/A       100%        3
 Dispel Undead            Necr           0%         3d6       100%        4
 Olgreb's Toxic Radiance  Pois           0%         N/A       100%        4
 Sticky Flame             Conj/Fire      0%         2d3       100%        4
 Manifold Assault         Tloc           0%         N/A       100%        5
 Metabolic Englaciation   Hex/Ice        0%         N/A       100%        5
 Dispersal                Tloc           0%         N/A       100%        6
 Simulacrum               Ice/Necr       0%         N/A       100%        6
 Orb of Destruction       Conj           0%         N/A       100%        7
 Spellforged Servitor     Conj/Summ      0%         N/A       100%        7


Dungeon Overview and Level Annotations

Branches:
Dungeon (10/15)            Temple (0/1) D:6            Lair (5/6) D:9
 Shoals (0/4) Lair:3        Snake (0/4) Lair:2        Slime (0/5) Lair:5
  Sewer (visited)
    Orc: D:9-12

Altars:
Ashenzari
Cheibriados
Dithmenos
Gozag
Hepliaklqana
Ru
Jiyva

Shops:
D:2 (   D:5 *   D:8 [?=

Annotations:
Lair:5 2 transporters, exclusion: 5 oklob plants, Strat's ghost, journeyman DDFi


Innate Abilities, Weirdness & Mutations

You have a pair of horns on your head.
You reflexively headbutt those who attack you in melee.


Message History

The splash of acid hits you! The acid corrodes you!
You are splashed with acid!
The oklob plant spits acid at you. The splash of acid hits you.
You are splashed with acid!
You hit the oklob plant.
You headbutt the oklob plant, but do no damage.
The oklob plant is lightly damaged.
You hit the oklob plant.
Your spectral +1 spectral war axe hits the oklob plant.
Your spectral +1 spectral war axe hits the oklob plant but does no damage.
The oklob plant spits acid at you. The splash of acid hits you!
The acid corrodes you!
You are splashed with acid!
* * * LOW HITPOINT WARNING * * *
You hit the oklob plant but do no damage.
You headbutt the oklob plant, but do no damage.
The oklob plant is lightly damaged.
You hit the oklob plant but do no damage.
Your spectral +1 spectral war axe hits the oklob plant. x2
The oklob plant spits acid at you. The splash of acid hits you!
* * * LOW HITPOINT WARNING * * *
You are splashed with acid!
* * * LOW HITPOINT WARNING * * *
Unknown command.
You feel much better. The oklob plant spits acid at you.
The splash of acid hits you!
* * * LOW HITPOINT WARNING * * *
The acid corrodes you!
You are splashed with acid!
* * * LOW HITPOINT WARNING * * *
You hit the oklob plant but do no damage.
You headbutt the oklob plant, but do no damage.
The oklob plant is lightly damaged.
You hit the oklob plant.
Your spectral +1 spectral war axe hits the oklob plant! x2
The oklob plant spits acid at you. The splash of acid hits you!
* * * LOW HITPOINT WARNING * * *
The acid corrodes you!
You are splashed with acid!
You die...
Your body crumbles into a pile of gold.

...................##
##.#................#
..#................##
..##..............#.#
...................###
..................#.P##
................##....#
...#.####......#####..#
###### ##......@(.#..#
##.....PP.#..#
##...P$..#..#
##..#####..###
#............#
##...........#
#...........#
##..........#
#...#......##


You could see 2 oklob plants and a friendly spectral +1 spectral war axe
(summoned).

Vanquished Creatures
  Kirke (Lair:5)
  5 hydras
  Sonja (D:10)
  A lindwurm (Lair:4)
  Maurice (D:8)
  3 black mambas
  17 cane toads
  A rime drake (Lair:2)
  5 komodo dragons
  A troll (D:9)
  7 polar bears
  27 yaks
  4 wyverns
  2 basilisks
  3 hogs (Lair:5)
  A steam dragon (D:9)
  11 water moccasins
  An acid dragon (D:10)
  2 orc warriors
  3 black bears
  2 ice beasts
  3 ogres
  7 wolves
  4 centaurs
  4 kobold brigands
  9 bullfrogs
  A gnoll sergeant (D:6)
  A scorpion (D:5)
  A water moccasin skeleton (D:6)
  3 killer bees (D:5)
  An electric eel (D:9)
  A howler monkey (D:6)
  3 centaur zombies
  9 hounds
  4 orc priests
  2 centaur skeletons (D:7)
  4 jellies
  Jessica (D:2)
  5 hell rats (Lair:5)
  8 orc wizards
  6 iguanas
  8 adders
  11 gnolls
  4 white imps
  2 worms
  23 orcs
  10 ball pythons
  7 endoplasms
  7 giant cockroaches
  11 goblins
  5 hobgoblins
  10 jackals
  28 kobolds
  3 quokkas
  2 bats (D:3)
  8 frilled lizards
  9 rats
324 creatures vanquished.

Vanquished Creatures (others)
  A human (Lair:5)
  19 fungi
  27 plants
47 creatures vanquished.

Grand Total: 371 creatures vanquished

Notes
Turn   | Place    | Note
-------+----------+-------------------------------------------
     0 | D:1      | ZombieSheep the Minotaur Gladiator began the quest for the
                  | Orb.
     0 | D:1      | Reached XP level 1. HP: 18/18 MP: 0/0
    46 | D:1      | Reached XP level 2. HP: 24/25 MP: 1/1
   792 | D:1      | Reached XP level 3. HP: 30/31 MP: 2/2
   818 | D:1      | Found a faded altar of an unknown god.
   992 | D:2      | Noticed Jessica
   995 | D:2      | Killed Jessica
  1199 | D:2      | Reached skill level 5 in Axes
  1199 | D:2      | Reached XP level 4. HP: 40/40 MP: 3/3
  1287 | D:2      | Found Wishap's Antique Weapon Boutique.
  2081 | D:3      | Reached XP level 5. HP: 17/47 MP: 4/4
  2803 | D:4      | Reached skill level 5 in Fighting
  3012 | D:4      | Noticed an ogre
  3018 | D:4      | Killed an ogre
  3019 | D:4      | Reached XP level 6. HP: 39/57 MP: 5/5
  3490 | D:4      | Identified the ring "Raduckip" {Ice Str+5 Int-2 Dex+2}
  3611 | D:4      | Found a sacrificial altar of Ru.
  3735 | D:5      | Entered Level 5 of the Dungeon
  3745 | D:5      | Reached XP level 7. HP: 43/64 MP: 6/6
  4102 | D:5      | Found a glowing drain.
  4135 | Sewer    | Entered a sewer
  4279 | Sewer    | Found a white marble altar of Elyvilon.
  4552 | D:5      | Found an opulent altar of Gozag.
  4641 | D:5      | Found Gozag's Platinum Reserve.
  4646 | D:5      | Became a worshipper of Gozag Ym Sagoz the Greedy
  4875 | D:5      | Reached XP level 8. HP: 74/74 MP: 7/7
  4992 | D:5      | Reached skill level 1 in Armour
  5617 | D:6      | Found a snail-covered altar of Cheibriados.
  5740 | D:6      | Reached skill level 5 in Dodging
  5780 | D:6      | Found a broken altar of Ashenzari.
  6088 | D:6      | Found a staircase to the Ecumenical Temple.
  6492 | D:7      | Reached XP level 9. HP: 80/82 MP: 8/8
  6626 | D:7      | Reached skill level 5 in Armour
  6764 | D:7      | Found a shadowy altar of Dithmenos.
  6768 | D:7      | Found a hazy altar of Hepliaklqana.
  6876 | D:7      | Identified the ring "Weshamp" {*Slow rC+ Will++ Slay+2}
  7094 | D:8      | Found Vyiv's Antique Armour Emporium.
  7326 | D:8      | Found Zunoucw's Magic Scroll Emporium.
  7358 | D:8      | Noticed Maurice
  7366 | D:8      | Killed Maurice
  7412 | D:8      | Found Ateiskoq's Jewellery Emporium.
  7438 | D:8      | Reached skill level 10 in Axes
  8019 | D:9      | Noticed a troll
  8024 | D:9      | Killed a troll
  8027 | D:9      | Reached XP level 10. HP: 93/93 MP: 9/9
  8039 | D:9      | Reached skill level 10 in Fighting
  8311 | D:9      | Found a staircase to the Lair.
  9099 | D:2      | Bought a glimmering morningstar for 189 gold pieces
  9099 | D:2      | Identified the +0 morningstar of the Iron City of Dis
                  | {vorpal, rC+} (You bought it in a shop on level 2 of the
                  | Dungeon)
  9281 | D:10     | Entered Level 10 of the Dungeon
  9385 | D:10     | Noticed Sonja
  9404 | D:10     | Killed Sonja
 10608 | D:8      | Bought a ring of poison resistance for 320 gold pieces
 10648 | Lair:1   | Entered Level 1 of the Lair of Beasts
 10651 | Lair:1   | Noticed a cane toad
 10654 | Lair:1   | Killed a cane toad
 10655 | Lair:1   | Reached skill level 5 in Throwing
 10774 | Lair:1   | Noticed a cane toad
 10779 | Lair:1   | Killed a cane toad
 10921 | Lair:1   | Noticed a cane toad
 10927 | Lair:1   | Killed a cane toad
 11212 | Lair:1   | Noticed a cane toad
 11221 | Lair:1   | Killed a cane toad
 11222 | Lair:1   | Reached XP level 11. HP: 67/101 MP: 10/10
 12049 | Lair:2   | Noticed a four-headed hydra
 12065 | Lair:2   | Killed a four-headed hydra
 12675 | Lair:2   | Found a staircase to the Snake Pit.
 13092 | Lair:2   | Noticed a six-headed hydra
 13103 | Lair:2   | Killed a six-headed hydra
 13946 | Lair:3   | Found a staircase to the Shoals.
 14021 | Lair:3   | Reached skill level 10 in Armour
 14248 | Lair:3   | Reached XP level 12. HP: 108/112 MP: 11/11
 14359 | Lair:3   | Noticed a six-headed hydra
 14369 | Lair:3   | Killed a six-headed hydra
 14370 | Lair:3   | Reached skill level 10 in Dodging
 14563 | Lair:3   | Noticed an eight-headed hydra
 14570 | Lair:3   | Killed an eight-headed hydra
 16580 | Lair:5   | Noticed a four-headed hydra
 16587 | Lair:5   | Killed a four-headed hydra
 16728 | Lair:5   | Found a viscous altar of Jiyva.
 16728 | Lair:5   | Found a staircase to the Slime Pits.
 16816 | Lair:5   | Noticed Kirke
 16831 | Lair:5   | Killed Kirke
 17505 | Lair:5   | Found a transporter.
 17505 | Lair:5   | Noticed Strat's ghost (journeyman DDFi)
 17505 | Lair:5   | Noticed a death yak
 17509 | Lair:5   | Found a transporter.
 17621 | Lair:5   | Paralysed by a floating eye for 2 turns
 17624 | Lair:5   | Paralysed by a floating eye for 4 turns
 18026 | Lair:5   | Splashed by an oklob plant's acid

Illustrated notes

Levels and vault maps discovered:
D:1:      eino_arrival_water_cross, layout_basic,
          hellmonk_ecumenical_altar_lost_god, minmay_misc_feat_iff,
          minmay_indecisive_spiral
D:2:      minmay_angry_zag, layout_basic, serial_shops, shop, uniq_jessica
D:3:      layout_basic
D:4:      layout_rooms, hangedman_ru_absence
D:5:      layout_basic, nicolae_gozag_zags_fifth_avenue,
          cheibrodos_sewer_entry_sluice
D:6:      minmay_evil_eye, layout_loops_ring, mainiacjoe_overflow_alcove_2,
          mainiacjoe_overflow_six_doors_small, temple_pool_b,
          minmay_fountain_box
D:7:      layout_rooms, riverfiend_overflow_shadow_ancestor,
          lemuel_flamethrower_1
D:8:      layout_gridville, serial_shops, nicolae_shop_waterfront,
          nicolae_shop_crystal, nicolae_diamond_shop, uniq_maurice
D:9:      layout_layer_cave, erik_lair_island
D:10:     layout_basic, uniq_sonja
Lair:1:   layout_cave_pods
Lair:2:   layout_cave_pods, minmay_snake_entry_six_corridors,
          gauntlet_entry_generic
Lair:3:   layout_layer_cave, shoals_dummy_entry, grunt_forest_small_clearings,
          chequers_serial_rivers_room_b
Lair:4:   layout_regular_city, nicolae_volcano_entry_vermiform,
          cheibrodos_lair_lostbears, infiniplex_staircase_pool
Lair:5:   layout_cave_pods, slime_altar_1, gammafunk_ghost_arena,
          disabler_island, grunt_megastairs_3, minmay_lair_oklob_chamber,
          uniq_kirke

Skill      XL: |  1  2  3  4  5  6  7  8  9 10 11 12 |
---------------+-------------------------------------+-----
Axes           | 4 5 6 7 8 9 10 11 12 13 | 13.7
Fighting       | 3 4 5 6 8 9 10 12 13 | 13.5
Armour         | 4 6 8 10 | 10.2
Dodging        | 5 7 8 9 10 | 10.0
Throwing       | 3 5 7 9 |  9.3

Action                   |  1- 3 |  4- 6 |  7- 9 | 10-12 || total
-------------------------+-------+-------+-------+-------++-------
Melee: War axe           |    61 |   136 |   200 |   327 ||   724
       Headbutt          |     4 |    22 |    44 |   120 ||   190
       Spear             |       |       |       |    99 ||    99
Throw: Javelin           |     3 |     5 |    15 |    53 ||    76
       Boomerang         |       |     3 |    11 |    13 ||    27
       Throwing net      |       |       |     3 |     4 ||     7
Evoke: Wand              |       |       |     3 |     7 ||    10
  Use: Scroll            |       |     9 |     8 |     5 ||    22
       Potion            |       |       |     3 |     5 ||     8
 Stab: Distracted        |       |       |       |     6 ||     6
       Held in net/web   |       |       |       |     2 ||     2
Armor: Leather armour    |     9 |       |       |       ||     9
       Scale mail        |    19 |    58 |       |       ||    77
       Chain mail        |       |    13 |    87 |   147 ||   247
Dodge: Dodged            |    47 |    56 |    74 |   165 ||   342
Block: Other             |       |     1 |    38 |    78 ||   117
       Reflection        |       |       |       |     3 ||     3
